Unix NetHack Version 3.7.0-80 Work-in-progress - last build Mar 27 2023 22:19:57 (84ec4a96b1085377d1623a66bb533b5851a641e4,branch:master). Game began 2023-04-01 11:38:41, ended 2023-04-01 21:55:15. 9629, neutral female human Wizard ... -..- |..--.. |....... |....... |.<.[... |..).... -....... --)....... --.)|....... |Ge-|........ |.@|---....... --- |........ ---....... ---..... -#...# -#-- 9629 the Conjurer St:12 Dx:11 Co:14 In:17 Wi:10 Ch:10 Neutral Dlvl:3 $:928 HP:0(20) Pw:28(28) AC:9 Xp:3/46 T:1445 Fainting Latest messages: The dart misses the floating eye. What do you want to throw? In what direction? The dart hits the floating eye. What do you want to throw? In what direction? The dart hits the floating eye. What do you want to throw? In what direction? The dart misses the floating eye. What do you want to throw? In what direction? The dart misses the floating eye. What do you want to throw? In what direction? The dart misses the floating eye. What do you want to throw? In what direction? The dart slips as you throw it! What do you want to throw? In what direction? The dart slips as you throw it! A dart hits the floor. What do you want to throw? In what direction? The dart slips as you throw it! What do you want to throw? In what direction? The dart hits the floating eye. What do you want to throw? Never mind. You miss the floating eye. You are frozen by the floating eye's gaze! You hear crashing rock. You hear some noises. You hear some noises in the distance. You hear some noises. The dart hits the floating eye. You hear some noises in the distance. The gnome thrusts her broad short sword. The gnome hits! The gnome thrusts her broad short sword. The gnome hits! The gnome thrusts her broad short sword. The gnome hits! The gnome thrusts her broad short sword. The gnome hits! You die... Do you want your possessions identified? [ynq] (y) Do you want to see your attributes? [ynq] (y) Inventory: Coins $ - 928 gold pieces Weapons x - a +0 dwarvish mattock (weapon in hands) Armor b - an uncursed +0 cloak of magic resistance (being worn) Scrolls q - an uncursed scroll of amnesia n - a blessed scroll of identify j - 2 uncursed scrolls of identify t - a cursed scroll of identify p - an uncursed scroll of stinking cloud Spellbooks k - a blessed spellbook of force bolt l - an uncursed spellbook of jumping Potions g - an uncursed potion of booze f - an uncursed potion of gain ability v - an uncursed potion of restore ability h - an uncursed potion of speed Rings d - an uncursed ring of protection from shape changers e - an uncursed ring of slow digestion Wands o - a wand of light (0:13) c - a wand of undead turning (0:6) Tools u - an uncursed towel 9629 the Wizard's attributes: Background: You were a Conjurer, a level 3 female human Wizard. You were neutral, nominally on a mission for Thoth who was opposed by Ptah (lawful) and Anhur (chaotic). You were in the Gnomish Mines, on level 3. You entered the dungeon 1445 turns ago. You had 46 experience points, 34 more were needed to attain level 4. Basics: You had 0 out of 20 hit points. You had all 28 energy points (spell power). Your armor class was 9. Your wallet contained 928 zorkmids. Autopickup was off. Final Characteristics: Your strength was 12 (base:13, limit:18/100). Your dexterity was 11 (limit:18). Your constitution was 14 (limit:18). Your intelligence was 17 (limit:18). Your wisdom was 10 (limit:18). Your charisma was 10 (limit:18). Final Status: You were fainting due to starvation. You were unencumbered. You were wielding a mattock. You had no skill with pick-axe. Final Attributes: You were devoutly aligned. You were magic-protected. You were warded. You are dead. Miscellaneous: You never encountered a bones level. Total elapsed playing time was 9 minutes and 3 seconds. Major events: Turn 1: 9629 the neutral female human Wizard entered the dungeon 790: entered the Gnomish Mines 912: attained the rank of Conjurer (level 3) 1445: killed by a gnome, while frozen by a floating eye's gaze Vanquished creatures: 2 dwarves a yellow mold 6 gnomes 7 jackals a kobold 3 lichens 2 kobold zombies 5 newts 27 creatures vanquished. No species were genocided or became extinct. Voluntary challenges: You were an atheist. You read items or engraved 3 times. You engraved Elbereth 1 time. You never genocided any monsters. You never polymorphed an object. You never changed form. You used no wishes. Achievements: You entered the Gnomish Mines. You attained the rank of Conjurer. The Dungeons of Doom: levels 1 to 2 Level 1: A fountain. Level 2: A fountain. Stairs down to The Gnomish Mines. The Gnomish Mines: Level 3: <- You were here. Final resting place for you, killed by a gnome, while frozen by a floating eye's gaze. Game over: ---------- / \ / REST \ / IN \ / PEACE \ / \ | 9629 | | 928 Au | | killed by a | | gnome | | | | | | 2023 | *| * * * | * _________)/\\_//(\/(/\)/\//\/|_)_______ Goodbye 9629 the Wizard... You died in The Gnomish Mines on dungeon level 3 with 1130 points, and 928 pieces of gold, after 1445 moves. You were level 3 with a maximum of 20 hit points when you died.